 Dungeon Crawl Stone Soup version 0.25.1-2-g60ff931df9 (webtiles) character file.

Game seed: 6999731639834213

19346 onbrokenwings the Grappler (level 12, -4/122 HPs)
             Began as a Troll Berserker on Oct 31, 2020.
             Was a High Priest of Trog.
             Slain by a six-headed hydra (5 damage)
             ... on level 4 of the Lair of Beasts.
             The game lasted 01:02:39 (11400 turns).

onbrokenwings the Grappler (Troll Berserker)       Turns: 11400, Time: 01:02:40

Health: -4/122     AC:  6    Str: 32    XL:     12   Next: 35%
Magic:  11/11      EV: 13    Int:  3    God:    Trog [*****.]
Gold:   606        SH:  0    Dex:  9    Spells: 11/11 levels left

rFire    . . .     SeeInvis .     - Unarmed
rCold    . . .     Gourm    +   (no shield)
rNeg     . . .     Faith    .   a - +0 animal skin
rPois    .         Spirit   .   (helmet restricted)
rElec    .         Reflect  .   (no cloak)
rCorr    .         Harm     .   (gloves unavailable)
MR       .....                  (boots unavailable)
Stlth    ++........             (no amulet)
HPRegen  0.70/turn              o - +4 ring of slaying
MPRegen  0.12/turn              (no ring)

@: no status effects
A: large, unfitting armour, claws 3, fast metabolism 3, gourmand, regeneration
1, shaggy fur 1, tough skin 3
a: Berserk, Trog's Hand, Brothers in Arms, Renounce Religion


You were on level 4 of the Lair of Beasts.
You worshipped Trog.
Trog was extremely pleased with you.
You were completely stuffed.

You visited 3 branches of the dungeon, and saw 14 of its levels.

You collected 606 gold pieces.

Inventory:

Armour
 a - a +0 animal skin (worn)
Jewellery
 o - a +4 ring of slaying (left claw)
 s - an uncursed ring of ice
 E - an uncursed ring of ice
 F - an uncursed ring of flight {unknown}
Wands
 m - a wand of polymorph (4)
 q - a wand of disintegration (13)
 v - a wand of iceblast (12)
 y - a wand of digging (5)
 A - a wand of acid (12)
 D - a wand of paralysis (6)
Scrolls
 h - a scroll of amnesia
 i - 4 scrolls of remove curse
 j - 3 scrolls of teleportation
 k - a scroll of noise
 n - 3 scrolls of identify
 t - 2 scrolls of magic mapping
 w - a scroll of torment {unknown}
 x - a scroll of enchant weapon {unknown}
 z - 2 scrolls of random uselessness {unknown}
 C - a scroll of enchant armour {unknown}
 G - a scroll of silence {unknown}
Potions
 c - 4 potions of might
 d - 2 potions of lignification
 e - a potion of resistance {unknown}
 f - a potion of haste {unknown}
 g - 4 potions of brilliance
 l - 2 potions of flight
 p - 4 potions of curing
 r - a potion of degeneration {unknown}
 u - 2 potions of heal wounds
 B - a potion of experience {unknown}
 H - a potion of ambrosia {unknown}
Comestibles
 b - 19 rations
 I - 11 chunks of flesh


   Skills:
 * Level 8.5 Fighting
 + Level 7.5 Dodging
 + Level 3.2 Stealth
 + Level 14.9 Unarmed Combat


You had 11 spell levels left.
You didn't know any spells.
Your spell library was empty.

Dungeon Overview and Level Annotations

Branches:
Dungeon (10/15)            Temple (1/1) D:4            Lair (4/6) D:9
 Spider (0/4) Lair:2
  Swamp: Lair:2-4    Shoals: Lair:2-4       Orc: D:9-12

Altars:
Dithmenos
Elyvilon
Fedhas
Gozag
Hepliaklqana
Kikubaaqudgha
Makhleb
Nemelex Xobeh
Okawaru
Qazlal
Ru
Sif Muna
Trog
Uskayaw
Vehumet
Xom
Yredelemnul
Zin
The Shining One

Shops:
D:6 (

Annotations:
D:10 Sonja
Lair:3 exclusion: oklob plant


Innate Abilities, Weirdness & Mutations

You are too large for most types of armour.
You have claws for hands.
Your metabolism is lightning-fast.
You like to eat raw meat.
Your natural rate of healing is unusually fast.
You are covered in fur. (AC +1)
You have extremely tough skin. (AC +3)


Message History

The eight-headed hydra bites you. x2
The eight-headed hydra completely misses you.
The eight-headed hydra bites you! x2; The eight-headed hydra bites you!!
The eight-headed hydra bites you! The eight-headed hydra bites you.
The eight-headed hydra completely misses you.
The eight-headed hydra bites you!
* * * LOW HITPOINT WARNING * * *
The eight-headed hydra barely misses you.
The eight-headed hydra bites you.
* * * LOW HITPOINT WARNING * * *
The eight-headed hydra bites you!
* * * LOW HITPOINT WARNING * * *
The eight-headed hydra bites you.
* * * LOW HITPOINT WARNING * * *
The eight-headed hydra misses you. The six-headed hydra bites you!
* * * LOW HITPOINT WARNING * * *
The six-headed hydra completely misses you.
The six-headed hydra bites you.
You die...

#♣♣...≈≈≈≈≈≈♣ #P........
♣♣≈≈≈≈≈≈≈≈♣♣♣####.#.#....
♣♣≈≈≈≈≈≈≈♣♣..#..........
♣...≈≈≈≈♣♣..............
♣♣...♣♣♣♣......PP..#....
♣♣♣§.§§§♣♣..P#.PP..#....
≈≈♣♣♣♣§§♣♣♣.##÷#P.......
≈≈≈ ♣§§♣♣..............
♣§§.♣♣♣@§♣♣.............
§§§≈≈≈DwD♣......≈≈≈≈≈...
§§§≈≈§§§≈♣≈≈≈≈..≈≈PP≈...
♣§§§§§t§♣♣♣≈≈≈..≈###≈...
§§§♣♣§..♣≈##≈≈..≈P≈#≈...
.§...§.♣♣≈P≈≈≈..≈≈≈≈≈...
♣♣...♣♣♣.≈≈≈≈≈..........
♣♣♣♣ ♣................
..###...##...###..


You could see an eight-headed hydra, a six-headed hydra, a swamp worm and a
crocodile.

Vanquished Creatures
  Harold (D:7)
  Urug (Lair:1)
  Pikel (D:9)
  Joseph (Lair:1)
  A black mamba (Lair:3)
  7 spiny frogs
  A torpor snail (Lair:3)
  5 komodo dragons
  A jumping spider (Lair:2)
  A polar bear (Lair:3)
  A troll (D:9)
  Prince Ribbit (D:9)
  4 blink frogs (Lair:3)
  5 dream sheep (Lair:4)
  10 hippogriffs
  3 spriggans (Lair:2)
  27 yaks
  2 swamp worms (Lair:4)
  2 porcupines
  7 water moccasins
  An ice beast (D:5)
  5 ogres
  12 wolves
  4 centaurs
  4 crocodiles
  8 bullfrogs
  3 howler monkeys
  2 jellies (D:9)
  A crimson imp (D:7)
  5 hounds
  2 orc priests
  6 orc wizards
  2 centaur skeletons
  An iguana (Lair:4)
  Ijyb (D:3)
  6 worker ants
  A hound skeleton (D:4)
  Robin (D:2)
  3 gnolls (D:3)
  A howler monkey skeleton (D:5)
  12 adders
  2 worms
  2 dart slugs
  6 leopard geckos
  26 orcs
  10 giant cockroaches
  17 goblins
  10 hobgoblins
  7 jackals
  2 quokkas
  7 bats
  6 frilled lizards
  2 jackal zombies (D:5)
  10 kobolds
  A leopard gecko skeleton (D:4)
  6 rats
  A butterfly (Lair:3)
  A fungus (D:9)
279 creatures vanquished.

Vanquished Creatures (others)
  3 slaves (D:9)
  A hungry ghost (D:9)
  A quokka (D:9)
  6 fungi
  2 plants (Lair:4)
13 creatures vanquished.

Grand Total: 292 creatures vanquished

Notes
Turn   | Place    | Note
-------+----------+-------------------------------------------
     0 | D:1      | onbrokenwings the Troll Berserker began the quest for the
                  | Orb.
     0 | D:1      | Reached XP level 1. HP: 22/22 MP: 0/0
   193 | D:1      | Reached XP level 2. HP: 29/29 MP: 1/1
   331 | D:1      | Reached ** piety under Trog
   767 | D:2      | Noticed Robin
   788 | D:2      | Reached XP level 3. HP: 34/36 MP: 2/2
   827 | D:2      | Killed Robin
   841 | D:2      | Reached XP level 4. HP: 42/45 MP: 3/3
  1328 | D:2      | Reached skill level 4 in Unarmed Combat
  1576 | D:3      | Noticed Ijyb
  1599 | D:3      | Killed Ijyb
  1679 | D:3      | Reached XP level 5. HP: 53/53 MP: 4/4
  1798 | D:3      | Reached *** piety under Trog
  2650 | D:4      | Noticed an ogre
  2656 | D:4      | Killed an ogre
  2656 | D:4      | Reached skill level 5 in Unarmed Combat
  2656 | D:4      | Reached XP level 6. HP: 35/61 MP: 5/5
  2911 | D:4      | Found a staircase to the Ecumenical Temple.
  2921 | Temple   | Entered the Ecumenical Temple
  3187 | D:4      | Reached skill level 6 in Unarmed Combat
  3187 | D:4      | Reached XP level 7. HP: 45/68 MP: 6/6
  3594 | D:5      | Entered Level 5 of the Dungeon
  3597 | D:5      | Reached skill level 1 in Stealth
  4518 | D:6      | Reached **** piety under Trog
  4541 | D:6      | Reached skill level 7 in Unarmed Combat
  4549 | D:6      | Reached XP level 8. HP: 79/79 MP: 7/7
  5057 | D:6      | Found Witorejo's Weapon Boutique.
  5207 | D:7      | Noticed Harold
  5224 | D:7      | Killed Harold
  5224 | D:7      | Reached skill level 5 in Fighting
  5224 | D:7      | Reached skill level 9 in Unarmed Combat
  5224 | D:7      | Reached XP level 9. HP: 65/88 MP: 8/8
  5371 | D:7      | Reached skill level 5 in Dodging
  5472 | D:7      | You fall into a shaft and drop 2 floors!
  5532 | D:9      | Reached skill level 10 in Unarmed Combat
  5618 | D:9      | Found a staircase to the Lair.
  5813 | D:9      | Noticed Pikel
  5826 | D:9      | Killed Pikel
  5871 | D:9      | Noticed Prince Ribbit
  5874 | D:9      | Killed Prince Ribbit
  5874 | D:9      | Reached skill level 11 in Unarmed Combat
  5874 | D:9      | Reached XP level 10. HP: 98/98 MP: 9/9
  6516 | D:10     | Entered Level 10 of the Dungeon
  6527 | D:10     | Noticed Sonja
  6560 | Lair:1   | Entered Level 1 of the Lair of Beasts
  6560 | Lair:1   | Noticed Joseph
  6567 | Lair:1   | Killed Joseph
  6941 | Lair:1   | Noticed Urug
  6962 | Lair:1   | Killed Urug
  6962 | Lair:1   | Reached skill level 12 in Unarmed Combat
  6971 | Lair:1   | Noticed a spiny frog
  7149 | Lair:1   | Killed a spiny frog
  7363 | Lair:2   | Found a hole to the Spider Nest.
  7488 | Lair:2   | Noticed a spiny frog
  7497 | Lair:2   | Killed a spiny frog
  7613 | Lair:2   | Noticed a spiny frog
  7621 | Lair:2   | Killed a spiny frog
  7621 | Lair:2   | Reached ***** piety under Trog
  7621 | Lair:2   | Reached XP level 11. HP: 100/107 MP: 10/10
  8126 | Lair:2   | Reached skill level 13 in Unarmed Combat
  9260 | Lair:3   | Noticed an oklob plant
  9620 | Lair:3   | Reached skill level 14 in Unarmed Combat
 10303 | Lair:3   | Reached XP level 12. HP: 111/119 MP: 11/11
 11261 | Lair:4   | Received a gift from Trog
 11396 | Lair:4   | Noticed an eight-headed hydra
 11396 | Lair:4   | Noticed a six-headed hydra
 11400 | Lair:4   | HP: 1/122 [six-headed hydra (11)]
 11400 | Lair:4   | Slain by a six-headed hydra

Illustrated notes

Levels and vault maps discovered:
D:1:      lightli_iron_boxes, layout_loops_ring
D:2:      layout_basic, uniq_robin
D:3:      layout_basic, uniq_ijyb
D:4:      minmay_recursive_quarters, layout_loops_ring,
          minmay_temple_entry_overgrown, minmay_parallelograms
D:5:      layout_basic, first_ration
D:6:      layout_loops_cross, serial_shops, shop
D:7:      layout_loops_cross, nicolae_ashenzari_panopticon, serial_shops,
          nicolae_shop_stone, grunt_livestock, uniq_harold
D:9:      layout_basic, dpeg_oklobed_lair, uniq_prince_ribbit1, uniq_pikel
D:10:     layout_rooms, orc_0_dummy, kennysheep_minor_cross, uniq_maggie,
          uniq_sonja
Temple:   dpeg_three_leaves_temple
Lair:1:   layout_hall_layers, columned_hall_lemuel, grunt_megastairs_5,
          uniq_urug, uniq_joseph
Lair:2:   layout_chaotic_city, spider_nest_entry_rubble, wad_woods_02
Lair:3:   layout_chaotic_city, st_stairs_8, minmay_lair_oklob_bushes,
          serial_bayou_shore_b, grunt_megastairs_4, lemuel_fruit_fields
Lair:4:   layout_gridlike, palyth_hydra_swamp_entry, roderic_carrion_pond

Skill      XL: |  1  2  3  4  5  6  7  8  9 10 11 |
---------------+----------------------------------+-----
Fighting       | 3 4 5 6 8 |  8.5
Dodging        | 3 4 5 6 7 |  7.5
Unarmed Combat | 4 5 6 7 9 11 12 14 | 14.9
Stealth        | 1 2 3 |  3.2

Action                   |  1- 3 |  4- 6 |  7- 9 | 10-12 || total
-------------------------+-------+-------+-------+-------++-------
Melee: Unarmed           |    92 |   162 |   179 |   341 ||   774
       Punch             |       |     1 |     5 |    27 ||    33
Invok: Berserk           |     1 |     2 |     7 |    11 ||    21
  Use: Scroll            |       |       |       |    16 ||    16
       Potion            |       |       |       |     3 ||     3
 Stab: Sleeping          |       |     1 |     2 |     2 ||     5
  Eat: Chunk             |    10 |    28 |    30 |    55 ||   123
       Ration            |       |       |       |     2 ||     2
Armor: Animal skin       |    38 |    60 |    24 |    61 ||   183
Dodge: Dodged            |    33 |    91 |    82 |   142 ||   348
